 Dungeon Crawl Stone Soup version 0.27-a0-1188-g73eefd5def (webtiles) character file.

Game seed: 6416061480921719010

1942 barkas the Vandal (level 8, -1/64 HPs)
             Began as a Demonspawn Arcane Marksman on May 22, 2021.
             Was a Follower of Sif Muna.
             Killed from afar by an electric eel (7 damage)
             ... with a bolt of electricity
             ... on level 7 of the Dungeon.
             The game lasted 00:22:50 (11493 turns).

barkas the Vandal (Demonspawn Arcane Marksman)     Turns: 11493, Time: 00:22:50

Health: -1/64      AC: 12    Str: 11    XL:     8   Next: 98%
Magic:  6/11       EV: 10    Int: 16    God:    Sif Muna [*.....]
Gold:   518        SH:  0    Dex: 14    Spells: 4/11 levels left

rFire    . . .     SeeInvis .   a - +0 hunting sling
rCold    . . .     Faith    .   (no shield)
rNeg     . . .     Spirit   .   F - +1 ring mail {Will+}
rPois    .         Reflect  .   h - +0 helmet
rElec    .         Harm     +   m - scarf {harm}
rCorr    .         Rampage  .   x - +2 pair of gloves
Will     +....                  (no boots)
Stlth    +.........             (no amulet)
HPRegen  0.20/turn              (no ring)
MPRegen  0.12/turn              (no ring)

@: no status effects
A: hooves 1, icy blue scales 1, powered by pain 1, demonic magic 1
a: Renounce Religion, Channel Magic


You were on level 7 of the Dungeon.
You worshipped Sif Muna.
Sif Muna was aware of your devotion.
You visited 1 branch of the dungeon, and saw 7 of its levels.
You also visited: Ossuary.

You collected 518 gold pieces.

Inventory:

Hand Weapons
 a - a +0 hunting sling (weapon)
 b - a +1 mace of protection
Missiles
 d - 18 sling bullets
 k - 99 stones (quivered ammo)
 B - 12 curare-tipped darts
Armour
 h - a +0 helmet (worn)
 m - a scarf of harm (worn)
 x - a +2 pair of gloves (worn)
 F - a +1 ring mail of willpower (worn)
Wands
 e - a wand of iceblast (18)
 y - a wand of paralysis (13)
 D - a wand of polymorph (13)
Scrolls
 c - 2 scrolls of magic mapping
 f - 4 scrolls of identify {unknown}
 g - a scroll of teleportation
 i - 2 scrolls of amnesia {unknown}
 s - a scroll of enchant weapon {unknown}
 u - a scroll of blinking {unknown}
 v - a scroll of enchant armour {unknown}
 w - 2 scrolls of vulnerability {unknown}
 z - a scroll of fog {unknown}
 A - a scroll of brand weapon {unknown}
 C - a scroll of fear {unknown}
 E - 3 scrolls of immolation {unknown}
 G - a scroll of noise {unknown}
 H - a scroll of summoning {unknown}
Potions
 j - a potion of lignification {unknown}
 l - 2 potions of attraction {unknown}
 n - a potion of curing {unknown}
 o - a potion of magic {unknown}
 p - a potion of flight {unknown}
 q - 3 potions of brilliance {unknown}
 r - 3 potions of degeneration {unknown}
 t - a potion of heal wounds {unknown}


   Skills:
 + Level 5.7 Fighting
 * Level 7.7 Slings
 - Level 1.7 Dodging
 - Level 2.0 Spellcasting
 * Level 6.4 Hexes


You had 4 spell levels left.
You knew the following spells:

 Your Spells              Type           Power      Damage    Failure   Level
a - Corona                Hex            24%        N/A       3%          1
b - Slow                  Hex            22%        N/A       5%          2
c - Cause Fear            Hex            11%        N/A       34%         4

Your spell library contained the following spells:

 Spells                   Type           Power      Damage    Failure   Level
 Inner Flame              Hex/Fire       11%        N/A       38%         3
 Portal Projectile        Hex/Tloc       22%        N/A       38%         3
 Shock                    Conj/Air       4%         1d3       45%         1
 Static Discharge         Conj/Air       1%         N/A       58%         2
 Leda's Liquefaction      Hex/Erth       5%         N/A       80%         4
 Swiftness                Air            1%         N/A       83%         3
 Airstrike                Air            0%         N/A       99%         4
 Lightning Bolt           Conj/Air       0%         1d11      100%        5


Dungeon Overview and Level Annotations

Branches:
Dungeon (7/15)            Ossuary (visited)
 Temple: D:4-7

Altars:
Gozag
Makhleb
Sif Muna
Uskayaw
Zin


Innate Abilities, Weirdness & Mutations

You have large cloven feet.
You are partially covered in icy blue scales. (AC +2)
You sometimes gain a little power by taking damage.
Spells you cast may paralyse adjacent enemies.


Message History

Aiming: Slow (safe; 5% risk of failure)
Press: ? - help, Shift-Dir - straight line, f - electric eel
Aim: an electric eel (chance to affect: 70%)
The electric eel struggles to resist.
Malevolent energies surge around you.
The electric eel shoots out a bolt of lightning at you!
The bolt of electricity hits you. The bolt of electricity hits you!
Casting: Slow (safe; 5% risk of failure)
Confirm with . or Enter, or press ? or * to list all spells.
Aiming: Slow (safe; 5% risk of failure)
Press: ? - help, Shift-Dir - straight line, f/p - electric eel
Aim: an electric eel (chance to affect: 70%)
The electric eel seems to slow down.
Malevolent energies surge around you.
Unknown command.
Casting: Slow (safe; 5% risk of failure)
Confirm with . or Enter, or press ? or * to list all spells.
Aiming: Corona (safe; 3% risk of failure)
Press: ? - help, Shift-Dir - straight line, f/p - electric eel
Aim: an electric eel (slow, chance to affect: 70%)
The electric eel is outlined in light.
Malevolent energies surge around you.
The electric eel shoots out a bolt of lightning at you!
The bolt of electricity misses you. The bolt of electricity hits you!
Fire: 101 stones
Press: ? - help, Q - select action, (/) - cycle Shift-Dir - straight line, f/p - electric eel
Aim: an electric eel (slow, softly glowing, 64% to hit)
You shoot a stone.
The stone closely misses the electric eel.
You hear a splash.
Fire: 100 stones
Press: ? - help, Q - select action, (/) - cycle Shift-Dir - straight line, f/p - electric eel
Aim: an electric eel (slow, softly glowing, 64% to hit)
You shoot a stone. The stone hits the electric eel.
The electric eel is lightly wounded.
The electric eel shoots out a bolt of lightning at you!
The bolt of electricity hits you!
* * * LOW HITPOINT WARNING * * *
The bolt of electricity hits you!
* * * LOW HITPOINT WARNING * * *
The electric eel shoots out a bolt of lightning at you!
The bolt of electricity hits you.
You die...

...##......
......... .
........ ..
...... P≈.
...$### ≈≈.≈
.....
≈≈.≈≈♣#..#####.
≈≈.≈≈PP@.......
P≈.P≈P♣........
≈≈.≈≈≈≈........
≈≈.≈≈;♣..###[..
♣P.P≈≈≈..# ..
♣≈.≈≈ ..[. .
♣≈.≈P♣.....
♣≈.≈ ≈.....
(≈.≈ P≈....♣


You could see an electric eel (slow, corona).

Vanquished Creatures
  Sigmund (D:4)
  Menkaure (D:6)
  An orc warrior (D:6)
  A sky beast (D:6)
  2 black bears (D:6)
  An ogre (D:4)
  2 elf zombies (Ossuary)
  2 scorpions
  A water moccasin skeleton (D:5)
  2 centaur zombies (Ossuary)
  5 hounds
  A jelly (D:3)
  2 orc priests
  A bullfrog skeleton (D:5)
  Jessica (D:3)
  3 iguanas
  4 orc wizards (D:5)
  A killer bee zombie (D:6)
  2 hound zombies (Ossuary)
  4 mummies
  7 gnolls
  5 adders
  An adder zombie (Ossuary)
  An adder skeleton (D:4)
  2 worms
  5 dart slugs
  32 orcs
  9 ball pythons
  9 endoplasms
  A gnoll zombie (Ossuary)
  6 goblins
  5 hobgoblins
  9 jackals
  6 quokkas
  6 bats
  5 frilled lizards
  6 goblin zombies (Ossuary)
  4 hobgoblin zombies (Ossuary)
  2 jackal zombies (Ossuary)
  7 kobolds
  7 kobold zombies (Ossuary)
  An orc zombie (Ossuary)
  A quokka zombie (Ossuary)
  6 rats
  5 rat zombies (Ossuary)
186 creatures vanquished.

Vanquished Creatures (others)
  8 fungi (D:4)
  4 plants
  3 toadstools (D:4)
15 creatures vanquished.

Grand Total: 201 creatures vanquished

Notes
Turn   | Place    | Note
-------+----------+-------------------------------------------
     0 | D:1      | barkas the Demonspawn Arcane Marksman began the quest for
                  | the Orb.
     0 | D:1      | Reached XP level 1. HP: 15/15 MP: 2/2
   182 | D:1      | Reached skill level 2 in Slings
   587 | D:1      | Gained mutation: You sometimes gain a little power by
                  | taking damage. [demonic ancestry]
   587 | D:1      | Reached XP level 2. HP: 16/21 MP: 0/3
  1163 | D:1      | Reached XP level 3. HP: 25/27 MP: 2/4
  1285 | D:1      | Reached skill level 3 in Slings
  1972 | D:2      | You fall into a shaft and drop 2 floors!
  1973 | D:4      | Noticed Sigmund
  2107 | D:4      | Found an opulent altar of Gozag.
  2130 | D:4      | Found a sand-covered staircase.
  2234 | Ossuary  | Entered an ossuary
  2360 | Ossuary  | Reached XP level 4. HP: 33/33 MP: 5/5
  2592 | Ossuary  | Reached skill level 4 in Slings
  2592 | Ossuary  | Gained mutation: Spells you cast may paralyse adjacent
                  | enemies. [demonic ancestry]
  2592 | Ossuary  | Reached XP level 5. HP: 31/40 MP: 6/6
  3493 | Ossuary  | Gained mutation: You have large cloven feet. [demonic
                  | ancestry]
  3493 | Ossuary  | Reached XP level 6. HP: 47/47 MP: 5/7
  3718 | Ossuary  | Reached skill level 5 in Slings
  4640 | D:2      | Found a faded altar of an unknown god.
  5121 | D:3      | Learned a level 2 spell: Slow
  5126 | D:3      | Learned a level 4 spell: Cause Fear
  5993 | D:3      | Noticed Jessica
  6008 | D:3      | Killed Jessica
  6018 | D:3      | Found a shimmering blue altar of Sif Muna.
  6050 | D:3      | Became a worshipper of Sif Muna the Loreminder
  6164 | D:4      | Reached XP level 7. HP: 54/54 MP: 5/8
  6261 | D:4      | Killed Sigmund
  6592 | D:4      | Noticed a cacodemon
  6593 | D:4      | Found a burning altar of Makhleb.
  6598 | D:4      | Noticed an angel
  6906 | D:4      | Reached skill level 6 in Slings
  7128 | D:5      | Entered Level 5 of the Dungeon
  7950 | D:5      | Gained mutation: You are partially covered in icy blue
                  | scales. (AC +2) [demonic ancestry]
  7950 | D:5      | Reached XP level 8. HP: 44/61 MP: 11/11
  8239 | D:5      | Found a hide-covered altar of Uskayaw.
  8362 | D:5      | Reached * piety under Sif Muna
  8712 | D:5      | Reached skill level 5 in Fighting
  8862 | D:5      | Reached skill level 5 in Hexes
  9871 | D:6      | Reached skill level 7 in Slings
 10444 | D:6      | Noticed Menkaure
 10450 | D:6      | Killed Menkaure
 11266 | D:7      | Noticed a two-headed ogre
 11493 | D:7      | Killed from afar by an electric eel

Illustrated notes

Levels and vault maps discovered:
D:1:      minmay_arrival_solitary_statue, layout_loops_ring, serial_bayou,
          serial_bayou_pond_d, serial_bayou_pond_d, serial_bayou_pond_d,
          serial_bayou_crossing, serial_bayou_shore_a, serial_bayou_lagoon_a,
          minmay_misc_feat_nine_boxes, st_stairs_13
D:2:      layout_loops_corners, ebering_ecumenical_altar_abandoned
D:3:      layout_loops_corners, tgw_sif
D:4:      layout_basic, grunt_temple_overflow_order_and_chaos_2,
          nicolae_gozag_cash_rules_everything_around_me,
          gup_ossuary_entry_pyramid, minmay_gold_behind_fungi, kennysheep_donut,
          grunt_ministairs_4, kennysheep_small_spiral, minmay_misc_feat_encased,
          uniq_sigmund
D:5:      layout_basic, lemuel_tele_altar, nrook_campfire
D:6:      layout_basic, uniq_menkaure
D:7:      nzn_winding_woodlands_small [nzn_winding_woodlands_5x15_parted,
          nzn_winding_woodlands_center_lodge,
          nzn_winding_woodlands_5x15_default], layout_basic,
          minmay_temple_entry_junction_2, serial_bayou_lagoon_b

Skill      XL: |  1  2  3  4  5  6  7  8 |
---------------+-------------------------+-----
Slings         | 2 3 4 5 6 7 |  7.7
Fighting       | 2 3 4 5 |  5.7
Hexes          | 4 6 |  6.4
Spellcasting   | 2 |  2.0
Dodging        | |  1.7

Action                   |  1- 3 |  4- 6 |  7- 9 || total
-------------------------+-------+-------+-------++-------
Melee: Dagger            |    30 |       |    13 ||    43
       Kick              |       |       |     4 ||     4
 Fire: Hunting sling     |   117 |   329 |   397 ||   843
Throw: Dart              |       |       |     8 ||     8
 Cast: Corona            |    13 |    19 |    17 ||    49
       Slow              |       |     4 |    43 ||    47
       Cause Fear        |       |       |     1 ||     1
Evoke: Wand              |       |       |     7 ||     7
  Use: Scroll            |     2 |     1 |       ||     3
 Stab: Paralysed         |       |       |     3 ||     3
Armor: Robe              |    20 |    25 |    41 ||    86
       Ring mail         |       |       |    33 ||    33
Dodge: Dodged            |    49 |    65 |    78 ||   192

Table legend: (Time is in decaauts)
 A = Elapsed time spent in this place.
 B = Non-inter-level travel time spent in this place.
 C = Inter-level travel time spent in this place.
 D = Time resting spent in this place.
 E = Time spent auto-exploring this place.
 F = Levels seen in this place.
 G = Mean time per level.
                   A        B        C        D        E       F      G
               +--------+--------+--------+--------+--------+-----+--------+
         Total |  11475 |  10813 |    662 |   1950 |   6448 |   8 | 1434.4 |
       Dungeon |   9814 |   9152 |    662 |   1342 |   6031 |   7 | 1402.0 |
       Ossuary |   1661 |   1661 |      0 |    608 |    417 |   1 | 1661.0 |
               +--------+--------+--------+--------+--------+-----+--------+

Top non-repeatable levels by time:
     D:5: 2052 daAuts
     D:1: 1784 daAuts
 Ossuary: 1661 daAuts
     D:6: 1632 daAuts
     D:3: 1596 daAuts
     D:4: 1575 daAuts
     D:2: 997 daAuts
     D:7: 174 daAuts
